 Dungeon Crawl Stone Soup version 0.30.1-9-gdf580d7c3d (webtiles) character file.

Game seed: 1236469849351567491

861 monsoonserge the Slasher (level 7, -3/52 HPs)
             Began as a Demonspawn Warper on Oct 16, 2023.
             Slain by a gnoll
             ... wielding a +3 spear
             ... led by a gnoll bouda
              (10 damage)
             ... on level 5 of the Dungeon.
             The game lasted 00:13:30 (3964 turns).

monsoonserge the Slasher (Demonspawn Warper)        Turns: 3964, Time: 00:13:30

Health: -3/52      AC: 13    Str: 12    XL:     7   Next: 71%
Magic:  7/11       EV: 10    Int: 16    God:
Gold:   223        SH:  4    Dex: 12    Spells: 10/12 levels left

rFire   . . .        v - +3 falchion (flame)
rCold   . . .        u - +0 buckler
rNeg    . . .        A - +0 ring mail
rPois   .            D - +0 helmet
rElec   .            (no cloak)
rCorr   .            H - +0 pair of gloves
SInv    .            E - +2 pair of boots
Will    .....        (no amulet)
Stlth   +            (no ring)
HPRegen 0.28/turn    (no ring)
MPRegen 0.12/turn

%: no passive effects
@: very slightly contaminated
A: yellow scales 1, powered by death 3
a: no special abilities


You were on level 5 of the Dungeon.
You visited 2 branches of the dungeon, and saw 6 of its levels.

You collected 223 gold pieces.

Inventory:

Hand Weapons
 f - a +0 sling
 m - a +1 falchion of freezing
 v - a +3 falchion of flaming (weapon)
 C - a +1 dagger of speed
Missiles
 a - 6 boomerangs (quivered)
 d - 7 boomerangs of dispersal
Armour
 b - a +0 leather armour
 u - a +0 buckler (worn)
 z - a +0 scale mail
 A - a +0 ring mail (worn)
 D - a +0 helmet (worn)
 E - a +2 pair of boots (worn)
 H - a +0 pair of gloves (worn)
Jewellery
 p - a ring of see invisible
Wands
 h - a wand of polymorph (5)
Scrolls
 c - a scroll of blinking
 g - a scroll of enchant weapon
 k - a scroll of fear
 l - 2 scrolls of immolation {unknown}
 o - a scroll of butterflies
 q - a scroll of poison {unknown}
 r - a scroll of vulnerability {unknown}
 s - a scroll of amnesia {unknown}
 y - a scroll of torment {unknown}
 B - 2 scrolls of magic mapping {unknown}
 G - 3 scrolls of teleportation {unknown}
Potions
 e - 5 potions of curing
 i - 2 potions of flight
 j - a potion of ambrosia
 n - 3 potions of mutation {unknown}
 t - 2 potions of brilliance
 w - a potion of attraction
 x - a potion of invisibility
 F - a potion of heal wounds


   Skills:
 + Level 3.1 Fighting
 + Level 4.3 Long Blades
 + Level 1.1 Throwing
 * Level 4.1 Armour
 + Level 2.6 Dodging
 + Level 0.3 Stealth
 * Level 2.1 Shields
 - Level 3.0 Spellcasting
 - Level 4.0 Translocations


You had 10 spell levels left.
You knew the following spells:

 Your Spells              Type           Power      Damage    Failure   Level
a - Blink                 Tloc           30%        N/A       16%         2

Your spell library contained the following spells:

 Spells                   Type           Power      Damage    Failure   Level
 Lesser Beckoning         Tloc           30%        N/A       16%         2
 Teleport Other           Tloc           15%        N/A       32%         3
 Necrotise                Necr           8%         1d4       50%         1
 Sandblast                Erth           4%         2d4       50%         1
 Slow                     Hex            8%         N/A       50%         1
 Summon Small Mammal      Summ           8%         N/A       50%         1
 Vhi's Electric Charge    Tloc/Air       16%        N/A       58%         3
 Manifold Assault         Tloc           15%        N/A       71%         4
 Confusing Touch          Hex            2%         N/A       86%         3
 Vampiric Draining        Necr           2%         2d6       86%         3
 Agony                    Necr           2%         N/A       100%        5
 Borgnjor's Vile Clutch   Necr/Erth      1%         N/A       100%        5
 Statue Form              Tmut/Erth      1%         N/A       100%        6
 Summon Hydra             Summ           1%         N/A       100%        7


Dungeon Overview and Level Annotations

Branches:
Dungeon (5/15)             Temple (1/1) D:4

Altars:
Dithmenos
Fedhas
Gozag
Hepliaklqana
Ru
Trog
Vehumet
Wu Jian
Xom
Yredelemnul

Annotations:
D:4 Pikel


Innate Abilities, Weirdness & Mutations

You are partially covered in yellow scales. (AC +2)
You regenerate a lot of health from kills.


Message History

The ogre is severely wounded.
The gnoll hits you but does no damage. The gnoll barely misses you.
You slash the ogre! You burn the ogre.
You kill the ogre!
You block the gnoll's attack. The gnoll hits you but does no damage.
Your Fighting skill increases to level 3!
Your Shields skill increases to level 2!
You slash the gnoll! You burn the gnoll.
The gnoll is severely wounded.
The gnoll closely misses you. The gnoll hits you with a +0 club.
* * * LOW HITPOINT WARNING * * *
You hit the gnoll. You burn the gnoll.
You kill the gnoll!
The gnoll barely misses you.
Press: ? - help, v - describe, . - travel
Here: a gnoll, wielding a +3 spear The floor.
You closely miss the gnoll.
The gnoll hits you from afar with a +3 spear.
* * * LOW HITPOINT WARNING * * *
You block the gnoll's attack.
Unknown command.
You hit the gnoll. You burn the gnoll.
The gnoll is moderately wounded.
The gnoll barely misses you. The gnoll hits you with a +0 whip!
* * * LOW HITPOINT WARNING * * *
Unknown command.
Casting: Blink (safe; 16% risk of failure)
Confirm with . or Enter, or press ? or * to list all spells.
You miscast Blink.
You are very lightly contaminated with residual magic.
Nothing appears to happen.
The gnoll hits you from afar with a +3 spear.
* * * LOW HITPOINT WARNING * * *
You block the gnoll's attack.
Casting: Blink (safe; 16% risk of failure)
Confirm with . or Enter, or press ? or * to list all spells.
You miscast Blink.
Nothing appears to happen.
The gnoll hits you from afar with a +3 spear!
You die...

......
...#.##.#.......#
######
...##..#.##.+.......#
#
.......#....#.......#
#
....##.#.......##.###
# ..................#
# .............##.# #
...#.......##......O
#.##g.....##....... #
#.@gYO#...##....... #
#####Y....##.....## .
##..[........#
#...........#
#..O.#.#.#...
...#.#.# #..># # ..#


You could see 2 ice beasts, an ogre and 2 gnolls.

Vanquished Creatures
  A black bear (D:4)
  2 ogres (D:5)
  2 lemures
  A phantom (D:5)
  A scorpion (D:5)
  2 hounds
  A gnoll bouda (D:5)
  2 iguanas (D:5)
  4 orc wizards (D:4)
  Ijyb (D:3)
  Robin (D:3)
  5 gnolls
  4 adders
  An ufetubus (D:5)
  4 dart slugs
  5 orcs
  5 bats
  8 endoplasms
  6 giant cockroaches
  13 hobgoblins
  7 jackals
  2 kobolds (D:3)
  A quokka (D:2)
  3 ball pythons
  3 frilled lizards
  18 goblins
  7 rats
110 creatures vanquished.

Notes
Turn   | Place    | Note
-------+----------+-------------------------------------------
     0 | D:1      | monsoonserge the Demonspawn Warper began the quest for the
                  | Orb.
     0 | D:1      | Reached XP level 1. HP: 16/16 MP: 3/3
    65 | D:1      | Reached skill level 1 in Armour
    74 | D:1      | Reached skill level 1 in Throwing
    74 | D:1      | Gained mutation: You are partially covered in yellow
                  | scales. (AC +2) [demonic ancestry]
    74 | D:1      | Reached XP level 2. HP: 19/22 MP: 5/5
   299 | D:1      | Found a faded altar of an unknown god.
   380 | D:1      | Gained mutation: You regenerate a little health from kills.
                  | [demonic ancestry]
   380 | D:1      | Reached XP level 3. HP: 27/27 MP: 6/6
   702 | D:1      | Learned a level 2 spell: Blink
   734 | D:2      | Found a shimmering altar of Xom.
  1505 | D:3      | Gained mutation: You regenerate health from kills. [demonic
                  | ancestry]
  1505 | D:3      | Reached XP level 4. HP: 20/33 MP: 7/7
  1693 | D:3      | Found a shadowy altar of Dithmenos.
  2100 | D:3      | Noticed Robin
  2250 | D:3      | Killed Robin
  2331 | D:3      | Reached XP level 5. HP: 32/38 MP: 8/8
  2460 | D:3      | Noticed Ijyb
  2461 | D:3      | Paralysed by Ijyb for 4 turns
  2467 | D:3      | Paralysed by Ijyb for 2 turns
  2474 | D:3      | Killed Ijyb
  2587 | D:3      | Got Vahizeh's Thoughts on Grounded Creation
  2698 | D:4      | Noticed a black bear
  2708 | D:4      | Killed a black bear
  2709 | D:4      | Reached skill level 1 in Shields
  2709 | D:4      | Gained mutation: You regenerate a lot of health from kills.
                  | [demonic ancestry]
  2709 | D:4      | Reached XP level 6. HP: 32/44 MP: 9/9
  2728 | D:4      | Found a sacrificial altar of Ru.
  2855 | D:4      | Noticed Pikel
  3023 | D:4      | Found a basalt altar of Yredelemnul.
  3250 | D:4      | Found a staircase to the Ecumenical Temple.
  3259 | Temple   | Entered the Ecumenical Temple
  3605 | D:5      | Entered Level 5 of the Dungeon
  3722 | D:5      | Found a radiant altar of Vehumet.
  3854 | D:5      | Reached XP level 7. HP: 51/51 MP: 11/11
  3964 | D:5      | Slain by a gnoll

Illustrated notes

Levels and vault maps discovered:
D:1:      scummos_arrival_checkerplants, layout_rooms,
          chequers_ecumenical_altar_simple_redux
D:2:      layout_rooms, serial_corexii_hall, corexii_hall_statues_x,
          chequers_hall_statues_corner_a, chequers_hall_statues_y,
          corexii_hall_statues_x, basic_altar, kennysheep_generic_room_9
D:3:      layout_basic, nicolae_dithmenos_shadow_blocks, uniq_ijyb, uniq_robin
D:4:      layout_loops_ring, kennysheep_mini_moat, lemuel_doored_altar,
          minmay_temple_entry_gardened_gates,
          minmay_a_box_with_orc_wizards_in_it, uniq_pikel
D:5:      layout_basic, fiery_altar_vehumet, minmay_misc_feat_cross,
          grunt_ministairs_12
Temple:   nicolae_temple_two_arcs

Skill      XL: |  1  2  3  4  5  6  7 |
---------------+----------------------+-----
Armour         | 1 2 3 4 |  4.1
Throwing       | 1 |  1.1
Long Blades    | 2 3 4 |  4.3
Translocations | 3 4 |  4.0
Dodging        | 2 |  2.6
Shields        | 1 2 |  2.1
Spellcasting   | 3 |  3.0
Fighting       | 3 |  3.1
Stealth        | |  0.3

Action                     |  1- 3 |  4- 6 |  7- 9 || total
---------------------------+-------+-------+-------++-------
  Melee: Falchion          |   162 |   196 |    73 ||   431
         Punch             |     1 |       |       ||     1
  Throw: Boomerang         |       |     2 |       ||     2
   Cast: Blink             |       |     2 |     1 ||     3
    Use: Scroll            |     1 |     9 |       ||    10
 Armour: Leather armour    |    80 |     5 |       ||    85
         Ring mail         |       |   113 |    38 ||   151
  Dodge: Dodged            |   116 |    84 |    35 ||   235
  Block: Buckler           |     3 |    29 |    13 ||    45
